 Dungeon Crawl Stone Soup version 0.31-a0-183-g4352c244c2 (webtiles) character file.

Game seed: 7715505455775898905

520 Hajna the Chopper (level 7, -4/60 HPs)
             Began as a Hill Orc Fighter on June 22, 2023.
             Was a Follower of Beogh.
             Killed from afar by an orc wizard (6 damage)
             ... with a puff of flame
             ... on level 5 of the Dungeon.
             The game lasted 00:08:07 (3430 turns).

Hajna the Chopper (Hill Orc Fighter)                Turns: 3430, Time: 00:08:07

Health: -4/60      AC: 15    Str: 18 (21) XL:     7   Next: 21%
Magic:  7/7        EV:  5    Int:  6 (8)  God:    Beogh [*.....]
Gold:   218        SH:  4    Dex:  8 (10) Spells: 6/6 levels left

rFire   . . .        a - +0 war axe
rCold   . . .        c - +0 buckler
rNeg    . . .        p - +0 plate armour
rPois   .            (no helmet)
rElec   .            w - +1 cloak
rCorr   .            (no gloves)
SInv    .            (no boots)
Will    .....        (no amulet) Stlth
                     (no ring)
HPRegen 0.30/turn    (no ring)
MPRegen 0.10/turn

%: no passive effects
@: attractive, hasted, very quick
A: no striking features
a: Renounce Religion


You were on level 5 of the Dungeon.
You worshipped Beogh.
Beogh was aware of your devotion.
You visited 1 branch of the dungeon, and saw 5 of its levels.

You collected 218 gold pieces.

Inventory:

Hand Weapons
 a - a +0 war axe (weapon)
 y - a +0 short sword of flaming
Missiles
 h - 13 poisoned darts (quivered)
Armour
 b - a +0 scale mail
 c - a +0 buckler (worn)
 p - a +0 plate armour (worn)
 r - a scarf of resistance
 w - a +1 cloak (worn)
Jewellery
 e - a ring of protection from cold
Wands
 k - a wand of digging (7)
 v - a wand of mindburst (6)
 x - a wand of iceblast (6)
Scrolls
 f - a scroll of teleportation
 i - a scroll of fog
 o - 3 scrolls of fear {unknown}
 s - a scroll of noise {unknown}
 u - 2 scrolls of vulnerability {unknown}
Potions
 d - a potion of might
 j - a potion of haste
 t - 2 potions of curing
 z - a potion of magic


   Skills:
 + Level 4.5 Fighting
 + Level 6.4 Axes
 * Level 6.1 Armour
 + Level 0.3 Dodging
 + Level 0.3 Stealth
 + Level 3.9 Shields
 + Level 0.7 Evocations


You had 6 spell levels left.
You didn't know any spells.
Your spell library contained the following spells:

 Spells                   Type           Power      Damage    Failure   Level
 Magic Dart               Conj           0%         1d3       100%        1
 Sandblast                Erth           0%         2d4       100%        1
 Slow                     Hex            0%         N/A       100%        1
 Call Imp                 Summ           0%         N/A       100%        2
 Passwall                 Tmut/Erth      0%         N/A       100%        2
 Searing Ray              Conj           0%         2d4       100%        2
 Confusing Touch          Hex            0%         N/A       100%        3
 Mephitic Cloud           Conj/Pois/Air  0%         N/A       100%        3
 Stone Arrow              Conj/Erth      0%         3d7       100%        3
 Vampiric Draining        Necr           0%         2d6       100%        3
 Fulminant Prism          Conj/Hex       0%         3d5       100%        4


Dungeon Overview and Level Annotations

Branches:
Dungeon (5/15)             Temple (0/1) D:5

Altars:
Cheibriados
Fedhas
Makhleb
Uskayaw
Xom

Shops:
D:2 :


Message History

You see here an adder corpse.
You hit the orc wizard.
The orc wizard is heavily wounded.
You miss something. The orc wizard casts a spell at you.
The magic dart hits you.
* * * LOW HITPOINT WARNING * * *
Something completely misses you.
It was a potion of attraction.
You feel attractive to monsters. Something hits you but does no damage.
You block the orc wizard's attack.
It was a potion of degeneration.
There was something very wrong with that liquid.
You feel weakened.
You feel dopey.
You feel clumsy.
The orc wizard points at you and mumbles some strange words.
The puff of flame misses you. Something hits you but does no damage.
You hit the orc wizard.
The orc wizard is almost dead.
You completely miss something. Something hits you.
* * * LOW HITPOINT WARNING * * *
Something burns you.
* * * LOW HITPOINT WARNING * * *
The orc wizard barely misses you.
You barely miss the orc wizard.
The orc wizard is almost dead.
You barely miss something.
The orc wizard mumbles some strange words.
The orc wizard flickers and vanishes!
Something hits you but does no damage. Something hits you.
* * * LOW HITPOINT WARNING * * *
You hear some strange, mumbled words.
A magic dart appears from out of thin air!
The magic dart hits you.
* * * LOW HITPOINT WARNING * * *
You feel yourself speed up.
You hear some strange, mumbled words.
A puff of flame appears from out of thin air!
The puff of flame hits you.
You die...
Beogh appreciates something's killing of a heretic priest.

,,,,,* ,,,,** ***** ########
##......########
###..............#
***********####.................
**,,,,,,,,,*#.O{@..######........
,,,,,,,,.......{#### #######.^
,,,,,,,,....(.### ###
***,,,,,....##* # ******###**


You could see an ogre.

Vanquished Creatures
  An ogre (D:5)
  A phantom (D:4)
  A howler monkey (D:4)
  Crazy Yiuf (D:3)
  A hound (D:4)
  A jelly (D:4)
  An iguana (D:4)
  4 gnolls (D:4)
  9 adders
  An ufetubus (D:4)
  2 worms
  A dart slug (D:3)
  2 orcs
  9 bats
  5 endoplasms
  4 giant cockroaches
  6 goblins
  5 hobgoblins
  3 jackals (D:2)
  9 kobolds
  4 quokkas
  4 ball pythons
  2 frilled lizards
  9 rats
86 creatures vanquished.

Vanquished Creatures (others)
  A ball python (D:3)
1 creature vanquished.

Grand Total: 87 creatures vanquished

Notes
Turn   | Place    | Note
-------+----------+-------------------------------------------
     0 | D:1      | Hajna the Hill Orc Fighter began the quest for the Orb.
     0 | D:1      | Reached XP level 1. HP: 19/19 MP: 1/1
   199 | D:1      | Reached XP level 2. HP: 21/27 MP: 2/2
   894 | D:2      | Reached XP level 3. HP: 30/33 MP: 3/3
  1143 | D:2      | Found Haireg's Book Boutique.
  1849 | D:3      | Reached XP level 4. HP: 31/40 MP: 4/4
  2012 | D:3      | Found a burning altar of Makhleb.
  2127 | D:3      | Found a blossoming altar of Fedhas.
  2130 | D:3      | Found a hide-covered altar of Uskayaw.
  2133 | D:3      | Found a snail-covered altar of Cheibriados.
  2149 | D:3      | Found a shimmering altar of Xom.
  2183 | D:3      | Became a worshipper of Beogh the Brigand
  2235 | D:3      | Found a runed translucent door.
  2236 | D:3      | Noticed Crazy Yiuf
  2421 | D:3      | HP: 1/38 [Crazy Yiuf/+4 quarterstaff of chaos (19)]
  2422 | D:3      | Killed Crazy Yiuf
  2639 | D:4      | Noticed a phantom
  2647 | D:4      | Reached XP level 5. HP: 42/46 MP: 5/5
  2660 | D:4      | Killed a phantom
  2661 | D:4      | Reached skill level 5 in Armour
  2664 | D:4      | Reached skill level 5 in Axes
  2664 | D:4      | Reached XP level 6. HP: 16/52 MP: 6/6
  3023 | D:4      | Reached * piety under Beogh
  3331 | D:5      | Entered Level 5 of the Dungeon
  3342 | D:5      | Found a staircase to the Ecumenical Temple.
  3349 | D:5      | Reached XP level 7. HP: 50/60 MP: 7/7
  3429 | D:5      | HP: 2/60 [something/magic dart (4)]
  3430 | D:5      | Killed from afar by an orc wizard

Illustrated notes

Levels and vault maps discovered:
D:1:      eino_arrival_water_star, layout_loops_cross
D:2:      layout_basic, serial_shops, shop
D:3:      layout_rooms, grunt_temple_overflow_cloverleaf, bloody_makhleb,
          nicolae_figureground_pulse, uniq_crazy_yiuf_cottage
D:4:      layout_basic, st_stairs_2, minmay_misc_feat_ornament
D:5:      layout_layer_cave, temple_fountains, roderic_batcave

Skill      XL: |  1  2  3  4  5  6 |
---------------+-------------------+-----
Axes           | 3 4 5 6 |  6.4
Armour         | 4 5 6 |  6.1
Fighting       | 4 |  4.5
Dodging        | |  0.3
Stealth        | |  0.3
Shields        | |  3.9
Evocations     | |  0.7

Action                     |  1- 3 |  4- 6 |  7- 9 || total
---------------------------+-------+-------+-------++-------
  Melee: War axe           |   110 |   122 |    10 ||   242
 Invoke: Convert to Beogh  |       |     1 |       ||     1
  Evoke: Wand              |       |     8 |       ||     8
    Use: Scroll            |       |     6 |     1 ||     7
         Potion            |       |       |     3 ||     3
 Armour: Scale mail        |    55 |       |       ||    55
         Plate armour      |    15 |    82 |    10 ||   107
  Dodge: Dodged            |    53 |    38 |     3 ||    94
  Block: Buckler           |    26 |    38 |     2 ||    66

Table legend: (Time is in decaauts)
 A = Elapsed time spent in this place.
 B = Non-inter-level travel time spent in this place.
 C = Inter-level travel time spent in this place.
 D = Time resting spent in this place.
 E = Time spent auto-exploring this place.
 F = Levels seen in this place.
 G = Mean time per level.
                   A        B        C        D        E       F      G
               +--------+--------+--------+--------+--------+-----+--------+
         Total |   3508 |   3247 |    261 |      0 |   2639 |   5 |  701.6 |
       Dungeon |   3508 |   3247 |    261 |      0 |   2639 |   5 |  701.6 |
               +--------+--------+--------+--------+--------+-----+--------+

Top non-repeatable levels by time:
     D:2: 1087 daAuts
     D:1: 794 daAuts
     D:3: 775 daAuts
     D:4: 748 daAuts
     D:5: 101 daAuts
